 Dungeon Crawl Stone Soup version 0.24.0-123-gd5b16e6ec5 (webtiles) character file.

Game seed: 13820263916459638670, levelgen mode: deterministic

105 Peloso the Skirmisher (level 4, 0/42 HPs)
             Began as a Minotaur Fighter on Dec 26, 2019.
             Succumbed to a worker ant's poison
             ... on level 4 of the Dungeon.
             The game lasted 00:02:09 (808 turns).

Peloso the Skirmisher (Minotaur Fighter)             Turns: 808, Time: 00:02:09

Health: 0/42       AC:  7    Str: 20    XL:     4   Next: 54%
Magic:  3/3        EV:  7    Int:  5    God:
Gold:   126        SH:  9    Dex: 11    Spells: 3/3 levels left

rFire    . . .     SeeInvis .   a - +0 long sword
rCold    . . .     Gourm    .   c - +0 shield
rNeg     . . .     Faith    .   b - +0 scale mail
rPois    .         Spirit   .   (helmet restricted)
rElec    .         Reflect  .   (no cloak)
rCorr    .         Harm     .   (no gloves)
MR       .....                  (no boots)
Stlth    ..........             (no amulet)
HPRegen  0.14/turn              (no ring)
MPRegen  0.08/turn              (no ring)

@: lethally poisoned (0 -> -1)
A: retaliatory headbutt, horns 2
a: no special abilities


You were on level 4 of the Dungeon.
You were not hungry.

You visited 1 branch of the dungeon, and saw 3 of its levels.

You collected 126 gold pieces.

Inventory:

Hand Weapons
 a - a +0 long sword (weapon)
Armour
 b - a +0 scale mail (worn)
 c - a +0 shield (worn)
Scrolls
 e - a scroll of teleportation {unknown}
 g - a scroll of random uselessness {unknown}
 h - a scroll of enchant weapon {unknown}
 i - a scroll of remove curse {unknown}
Potions
 d - a potion of might
Comestibles
 f - a ration
 j - 2 chunks of flesh


   Skills:
 + Level 5.0 Fighting
 + Level 3.5 Long Blades
 + Level 4.4 Armour
 + Level 4.0 Shields


You had 3 spell levels left.
You didn't know any spells.
Your spell library was empty.

Dungeon Overview and Level Annotations

Branches:
Dungeon (2/15)

Altars:


Innate Abilities, Weirdness & Mutations

You reflexively headbutt those who attack you in melee.
You have a pair of horns on your head.


Message History

* * * LOW HITPOINT WARNING * * *
You feel sick.
Items here: ))) รท a +0 flail; a +0 club; a +0 spear; a gnoll skeleton
Okay, then.
* * * LOW HITPOINT WARNING * * *
You feel sick.
* * * LOW HITPOINT WARNING * * *
You feel sick.
* * * LOW HITPOINT WARNING * * *
You feel sick.
* * * LOW HITPOINT WARNING * * *
You feel sick.
* * * LOW HITPOINT WARNING * * *
You feel sick.
* * * LOW HITPOINT WARNING * * *
You feel sick.
* * * LOW HITPOINT WARNING * * *
You feel sick.
You die...

#....# #....#
#...## #...#
#...#######
#..........
#..........
......#..........
.....#@.........
.....+...##.....
#....#...#######
##....#....#
#.....#....#
#.....#....#
#.....#...##
+.....#....#
#....#####)#


There were no monsters in sight!

Vanquished Creatures
  A worker ant (D:4)
  4 gnolls (D:4)
  A worm (D:2)
  2 dart slugs (D:1)
  3 bats (D:1)
  4 goblins (D:1)
  6 hobgoblins (D:1)
  4 jackals (D:1)
  2 frilled lizards (D:1)
  3 kobolds (D:1)
  7 rats (D:1)
37 creatures vanquished.

Notes
Turn   | Place    | Note
-------+----------+-------------------------------------------
     0 | D:1      | Peloso the Minotaur Fighter began the quest for the Orb.
     0 | D:1      | Reached XP level 1. HP: 19/19 MP: 0/0
    77 | D:1      | Reached XP level 2. HP: 17/27 MP: 1/1
    80 | D:1      | Reached skill level 4 in Fighting
   374 | D:1      | Reached XP level 3. HP: 33/33 MP: 2/2
   699 | D:2      | You fall into a shaft and drop 2 floors!
   744 | D:4      | Reached XP level 4. HP: 25/41 MP: 3/3
   780 | D:4      | Reached skill level 5 in Fighting
   793 | D:4      | HP: 2/42 [poisoned by a worker ant]
   800 | D:4      | HP: 1/42 [poisoned by a worker ant]
   808 | D:4      | Succumbed to a worker ant's poison

Levels and vault maps discovered:
D:1:      mrwooster_arrival_arrow, layout_loops_ring
D:2:      layout_rooms, fedhas_altar_1
D:4:      layout_gridville, minmay_temple_entry_statues_fountains, first_ration

Skill      XL: |  1  2  3  4 |
---------------+-------------+-----
Fighting       | 4 5 |  5.0
Armour         | 4 |  4.4
Long Blades    | 3 |  3.5
Shields        | 4 |  4.0

Action                   |  1- 3 |  4- 6 || total
-------------------------+-------+-------++-------
Melee: Long sword        |    73 |    17 ||    90
       Headbutt          |     5 |     2 ||     7
  Use: Potion            |     1 |       ||     1
Armor: Scale mail        |    20 |     7 ||    27
Dodge: Dodged            |    20 |     4 ||    24
Block: Shield            |    35 |     9 ||    44
       Rpst.: Long sword |     6 |       ||     6
